 Dungeon Crawl Stone Soup version 0.29.1-13-g9f3cf754e1 (webtiles) character file.

Game seed: 18120328121901165761

70 cdecastro the Ruffian (level 3, 0/27 HPs)
             Began as a Demigod Transmuter on Jan 29, 2023.
             Succumbed to an adder's poison
             ... on level 2 of the Dungeon.
             The game lasted 00:02:44 (1914 turns).

cdecastro the Ruffian (Demigod Transmuter)          Turns: 1914, Time: 00:02:44

Health: 0/27       AC:  2    Str: 15    XL:     3   Next: 77%
Magic:  8/8        EV: 12    Int: 15    God:
Gold:   107        SH:  0    Dex: 14    Spells: 4/5 levels left

rFire   . . .      SeeInvis .     - Unarmed
rCold   . . .      Faith    .   (no shield)
rNeg    . . .      Spirit   .   a - +0 robe
rPois   .          Reflect  .   (no helmet)
rElec   .          Harm     .   (no cloak)
rCorr   .          Rampage  .   (no gloves)
Will    .....                   (no boots)
Stlth   +.........              (no amulet)
HPRegen 0.09/turn               (no ring)
MPRegen 0.11/turn               (no ring)

@: lethally poisoned (0 -> -1)
A: high MP 1, forlorn, divine attributes
a: no special abilities


You were on level 2 of the Dungeon.
You visited 1 branch of the dungeon, and saw 2 of its levels.

You collected 107 gold pieces.

Inventory:

Missiles
 k - 3 poisoned darts
Armour
 a - a +0 robe (worn)
 e - a +0 leather armour
Scrolls
 c - 4 scrolls of identify {unknown}
 g - a scroll of enchant armour {unknown}
 i - 2 scrolls of poison {unknown}
 j - a scroll of teleportation {unknown}
 l - a scroll of vulnerability {unknown}
Potions
 b - a potion of lignification
 d - 2 potions of brilliance {unknown}
 f - a potion of heal wounds {unknown}
 h - 3 potions of mutation {unknown}


   Skills:
 - Level 0.8 Fighting
 - Level 1.7 Dodging
 + Level 4.5 Unarmed Combat
 - Level 1.7 Spellcasting
 - Level 1.7 Transmutations


You had 4 spell levels left.
You knew the following spells:

 Your Spells              Type           Power      Damage    Failure   Level
a - Beastly Appendage     Tmut           12%        N/A       11%         1

Your spell library contained the following spells:

 Spells                   Type           Power      Damage    Failure   Level
 Wereblood                Tmut           6%         N/A       17%         2
 Static Discharge         Conj/Air       1%         3-4/arc   34%         2
 Spider Form              Tmut/Pois      3%         N/A       43%         3
 Ice Form                 Ice/Tmut       3%         N/A       85%         4
 Dispel Undead            Necr           1%         3d6       92%         4
 Sticky Flame             Conj/Fire      1%         2d3       92%         4


Dungeon Overview and Level Annotations

Branches:
Dungeon (2/15)


Innate Abilities, Weirdness & Mutations

You have an increased reservoir of magic. (+10% MP)
You shall have no god before yourself.
Your divine heritage dramatically boosts your attributes as you level up.


Message History

The adder is heavily wounded.
You feel sick. The adder bites you.
* * * LOW HITPOINT WARNING * * *
The endoplasm barely misses you.
You miss the adder.
The adder is heavily wounded.
You feel sick. The adder bites you but does no damage.
The endoplasm freezes you.
You are frozen.
* * * LOW HITPOINT WARNING * * *
Unknown command.
You barely miss the adder. You claw the adder.
You kill the adder!
You feel sick. The endoplasm freezes you.
You are frozen.
* * * LOW HITPOINT WARNING * * *
Unknown command.
You completely miss the endoplasm. Your kick misses the endoplasm.
You headbutt the endoplasm.
The endoplasm is moderately wounded.
You feel sick. The endoplasm hits you.
* * * LOW HITPOINT WARNING * * *
You hit the endoplasm but do no damage.
You headbutt the endoplasm, but do no damage.
The endoplasm is moderately wounded.
The endoplasm barely misses you.
You hit the endoplasm.
The endoplasm is heavily wounded.
* * * LOW HITPOINT WARNING * * *
You feel sick.
You hit the endoplasm.
The endoplasm is severely wounded.
Your horns disappear.
Your talons disappear.
* * * LOW HITPOINT WARNING * * *
You feel sick. The endoplasm hits you.
* * * LOW HITPOINT WARNING * * *
You hit the endoplasm.
You kill the endoplasm!
You die...

############
#..>.......#
#..........#
#.....†....#
#..@###### .
#.......... ..
#.#......#########..
#.#.................
#.##................
#.##................
####.#
###.............
#....#
#.....).......
#....#
####..†.......


There were no monsters in sight!

Vanquished Creatures
  A gnoll (D:1)
  2 adders (D:2)
  A dart slug (D:1)
  4 ball pythons
  6 bats
  3 endoplasms
  8 goblins
  3 hobgoblins
  2 jackals (D:1)
  3 quokkas
  5 frilled lizards
  A kobold (D:1)
  4 rats
43 creatures vanquished.

Vanquished Creatures (others)
  2 demonic plants (D:2)
2 creatures vanquished.

Grand Total: 45 creatures vanquished

Notes
Turn   | Place    | Note
-------+----------+-------------------------------------------
     0 | D:1      | cdecastro the Demigod Transmuter began the quest for the
                  | Orb.
     0 | D:1      | Reached XP level 1. HP: 15/15 MP: 5/5
   142 | D:1      | Reached skill level 3 in Unarmed Combat
   472 | D:1      | Reached XP level 2. HP: 22/22 MP: 5/7
  1215 | D:1      | Reached XP level 3. HP: 27/27 MP: 6/8
  1513 | D:2      | Reached skill level 4 in Unarmed Combat
  1913 | D:2      | HP: 1/27 [endoplasm (1)]
  1914 | D:2      | Succumbed to an adder's poison

Illustrated notes

Levels and vault maps discovered:
D:1:      elethiomel_arrival_infinity_welcomes_careful_drivers, layout_rooms
D:2:      minmay_inner_zag, layout_basic, shapermc_ecumenical_altar_gd,
          uniq_jessica

Skill      XL: |  1  2  3 |
---------------+----------+-----
Unarmed Combat | 3 4 |  4.5
Fighting       | |  0.8
Dodging        | |  1.7
Spellcasting   | |  1.7
Transmutations | |  1.7

Action                   || total
-------------------------++-------
Melee: Unarmed           ||   103
       Kick              ||    17
       Headbutt          ||     6
       Punch             ||     2
 Cast: Beastly Appendage ||    25
 Stab: Sleeping          ||     3
Armor: Robe              ||    23
Dodge: Dodged            ||    76
